Map: Eternal Empire LE

Players

Silky

  • Race: Zerg Zerg
  • Spawn Location: 7:00

Namshar - Winner!

  • Race: Zerg Zerg
  • League: Grandmaster
  • Spawn Location: 1:00

Event: DreamHack SC2 Masters 2020 Fall

VOD

Have the link to the VOD?

Description

Time

  • Played on: Sept. 1, 2020, 3:40 p.m.
  • Length: 9:51

All games in this series

Show
View Real Time Build Order
Export as new Build Order

Silky Zerg 

Build Orders: Hatch First 

Get SALT Encoding   

  12  0:00  Drone  
  13  0:12  Overlord  
  13  0:16  Drone  
  14  0:30  Drone x2  
  16  0:48  Hatchery  
  15  0:51  Drone  
  15  0:54  Drone  
  17  0:57  Drone  
  18  1:08  Extractor  
  17  1:13  Spawning Pool  
  17  1:16  Drone  
  17  1:19  Drone  
  18  1:28  Drone  
  19  1:40  Drone  
  20  1:50  Overlord  
  20  2:00  Queen x2  
  20  2:01  Drone, Zergling x2  
  26  2:10  Drone x2  
  26  2:11  Metabolic Boost  
  28  2:21  Drone x2  
  30  2:35  Hatchery  
  29  2:38  Drone  
  29  2:40  Drone  
  31  2:49  Evolution Chamber  
  31  2:50  Drone x2  
  32  2:55  Drone x2  
  34  3:06  Drone x2  
  34  3:07  Roach Warren  
  35  3:13  Overlord  
  35  3:14  Drone  
  35  3:17  Zerg Missile Weapons Level 1  
  36  3:21  Overlord  
  36  3:33  Drone x2  
  36  3:34  Drone x4  
  42  3:39  Overlord  
  42  3:42  Zergling x6  
  42  3:46  Zergling x4  
  47  3:51  Queen  
  47  3:53  Zergling x2  
  50  3:59  Drone  
  50  4:00  Zergling x2  
  50  4:01  Zergling x4  
  53  4:07  Overlord  
  53  4:10  Overlord  
  53  4:12  Lair  
  53  4:14  Drone  
  53  4:15  Drone  
  55  4:21  Overlord  
  55  4:24  Zergling x4  
  55  4:25  Zergling x2  
  57  4:32  Roach x4  
  57  4:34  Roach  
  57  4:36  Roach  
  69  4:40  Overlord  
  69  4:43  Roach  
  71  4:46  Overlord  
  71  4:52  Roach  
  73  4:53  Drone x4  
  77  5:00  Drone x2, Extractor x2  
  77  5:02  Roach  
  79  5:08  Drone x5  
  84  5:17  Drone  
  84  5:18  Overlord  
  83  5:23  Drone x3  
  83  5:26  Overseer  
  83  5:28  Drone x2  
  83  5:29  Drone x3  
  83  5:31  Extractor  
  83  5:33  Extractor  
  86  5:41  Glial Reconstitution  
  90  5:46  Drone x4  
  93  5:51  Roach x3  
  93  6:00  Roach x4  
  93  6:03  Drone, Overlord  
  93  6:04  Drone x3  
  105  6:06  Overlord  
  105  6:08  Overlord, Hatchery  
  102  6:12  Overlord  
  102  6:15  Zerg Missile Weapons Level 2  
  102  6:18  Overlord  
  101  6:19  Overseer  
  101  6:28  Roach x4  
  109  6:35  Roach x4  
  109  6:39  Drone  
  117  6:40  Overlord x2  
  117  6:41  Roach x2  
  121  6:50  Overlord  
  121  6:51  Roach x2  
  123  6:58  Roach x6  
  127  7:08  Roach x3  
  133  7:10  Roach x2  
  133  7:11  Roach  
  133  7:12  Queen  
  133  7:14  Roach  
  133  7:15  Roach  
  145  7:17  Roach  
  145  7:21  Roach  
  149  7:27  Roach x4  
  149  7:28  Roach x2  
  161  7:32  Overlord  
  161  7:36  Roach x3  
  165  7:39  Roach  
  165  7:41  Overlord x3  
  163  7:50  Tunneling Claws  
  163  7:51  Burrow  
  163  7:52  Roach x4  
  171  7:59  Overlord  
  171  8:00  Roach x3  
  171  8:01  Roach  
  171  8:02  Roach  
  181  8:06  Roach x2  
  181  8:11  Roach x3  
  191  8:13  Overlord  
  191  8:17  Ravager  
  194  8:20  Roach x2  
  176  8:35  Roach x8  
  176  8:39  Roach  
  176  8:40  Roach  
  162  8:43  Roach x2  
  162  8:48  Roach x3  
  142  8:50  Roach  
  142  8:54  Drone x4  
  142  8:55  Drone  
  149  8:56  Roach x2, Unknown  
  149  9:00  Roach x3  
  156  9:07  Roach x4  
  156  9:08  Roach x4  
  158  9:12  Roach x3  
  158  9:15  Roach  
  158  9:16  Roach  
  159  9:23  Roach  
  159  9:24  Roach x4  
  165  9:29  Roach x3  
  165  9:30  Ravager  
Show
View Real Time Build Order
Export as new Build Order

Namshar Zerg - Winner!

Build Orders: Hatch First 

Get SALT Encoding   

  12  0:00  Drone  
  13  0:12  Overlord  
  13  0:16  Drone  
  14  0:30  Drone x2  
  16  0:48  Hatchery  
  15  0:51  Drone  
  15  0:54  Drone  
  17  0:58  Drone  
  18  1:11  Spawning Pool  
  18  1:15  Drone  
  18  1:34  Hatchery  
  18  1:38  Extractor  
  18  1:39  Drone  
  17  1:42  Drone  
  17  1:45  Drone  
  19  1:51  Drone  
  20  1:59  Queen  
  22  2:02  Drone  
  22  2:05  Drone  
  24  2:12  Overlord  
  24  2:16  Drone  
  25  2:23  Queen  
  25  2:27  Drone  
  28  2:32  Drone x2  
  30  2:39  Queen  
  30  2:43  Zergling x2  
  33  2:47  Overlord  
  33  2:50  Drone  
  34  2:52  Drone  
  34  2:54  Drone  
  34  2:56  Drone  
  37  2:59  Drone  
  37  3:03  Evolution Chamber  
  37  3:07  Drone  
  37  3:08  Drone  
  37  3:09  Drone  
  37  3:11  Drone  
  41  3:19  Roach Warren  
  40  3:23  Evolution Chamber  
  40  3:24  Drone  
  40  3:28  Drone, Zerg Missile Weapons Level 1  
  40  3:30  Drone  
  42  3:37  Overlord  
  42  3:40  Drone x3  
  45  3:42  Drone  
  45  3:44  Drone  
  47  3:48  Lair  
  47  3:54  Overlord  
  46  3:58  Drone x2  
  46  3:59  Drone  
  49  4:06  Drone x2  
  49  4:07  Extractor, Overlord  
  49  4:08  Extractor  
  49  4:11  Roach  
  49  4:12  Roach x3  
  57  4:21  Drone  
  57  4:22  Drone x3  
  61  4:24  Overlord  
  61  4:25  Drone  
  62  4:38  Overlord  
  62  4:39  Drone x8  
  70  4:52  Roach x3, Hatchery  
  75  5:00  Roach x3  
  75  5:03  Overlord x2  
  75  5:06  Roach  
  75  5:07  Roach  
  85  5:09  Glial Reconstitution  
  85  5:13  Extractor  
  84  5:15  Roach x2  
  88  5:29  Overseer  
  88  5:31  Roach x5  
  98  5:35  Queen  
  98  5:39  Hatchery  
  98  5:41  Overlord x2  
  99  5:45  Zerg Missile Weapons Level 2  
  97  5:50  Drone x7  
  103  5:57  Zerg Ground Armor Level 1  
  103  5:59  Drone x2  
  105  6:07  Drone  
  105  6:10  Drone x7  
  111  6:13  Drone  
  111  6:19  Pneumatized Carapace  
  111  6:22  Overlord  
  111  6:23  Drone x2  
  111  6:24  Extractor  
  112  6:29  Extractor  
  111  6:44  Drone  
  112  6:48  Drone x3  
  112  6:50  Drone  
  112  6:51  Roach x10  
  136  6:58  Roach  
  126  7:01  Roach  
  126  7:08  Roach x3  
  130  7:10  Burrow  
  130  7:13  Roach x3  
  130  7:14  Overlord x3  
  130  7:15  Overlord x2  
  136  7:33  Roach Warren  
  136  7:35  Roach x9  
  151  7:38  Roach Warren  
  146  7:53  Extractor  
  146  7:57  Overlord x4  
  145  8:03  Overseer  
  145  8:13  Roach x9  
  145  8:14  Roach x6  
  145  8:16  Ravager  
  145  8:17  Ravager x2  
  145  8:18  Ravager x2  
  180  8:25  Roach x7  
  183  8:40  Roach x11  
  185  8:44  Roach  
  185  8:45  Roach x2  
  179  8:50  Roach x3  
  183  9:00  Roach x5  
  191  9:09  Roach x4  
  199  9:12  Overseer x2  
  199  9:13  Overseer  
  199  9:26  Roach x2  
  199  9:27  Ravager  

Tags
 
Add a new tag
Caveats
  • Supply blocks, unpowered buildings, or Contaminate may cause inaccurate times.
  • Supply counts are checked every 10 seconds.